 Dungeon Crawl Stone Soup version 0.31.0-12-g77e489cdc1 (webtiles) character file.

Game seed: 7618185304117843892

51343 Doomgape the Cleaver (level 14, -4/89 (90) HPs)
             Began as a Gargoyle Fighter on Feb 14, 2024.
             Was an Initiate of Gozag.
             Slain by a dire elephant (16 damage)
             ... on level 5 of the Lair of Beasts on Feb 15, 2024.
             The game lasted 00:57:40 (18373 turns).

Doomgape the Cleaver (Gargoyle Fighter)            Turns: 18373, Time: 00:57:41

HP:   -4/89 (90)    AC: 32    Str: 27    XL:     14   Next: 59%
MP:   0/14          EV:  7    Int:  9    God:    Gozag
Gold: 3395          SH: 11    Dex:  9    Spells: 13/13 levels left

rFire   + + .        p - +6 war axe of Jihan {protect, rF+ Str+2}
rCold   . . .        c - +0 kite shield
rNeg    + . .        y - +0 plate armour
rPois   ∞            d - +0 mask of the Dragon {Will+ Slay+3 SInv}
rElec   +            (no cloak)
rCorr   .            (no gloves)
SInv    +            (no boots)
Will    ++...        j - amulet of guardian spirit Stlth
                     m - ring of see invisible
HPRegen 0.34/turn    s - ring of protection from fire
MPRegen 0.14/turn

%: guardian spirit
@: gold aura, under a protective aura, flying, lightly drained
A: sickness immunity, AC +10, big wings, negative energy resistance 1,
electricity resistance, torment resistance 1, petrification resistance
a: Renounce Religion, Potion Petition, Call Merchant, Bribe Branch


You were on level 5 of the Lair of Beasts.
You worshipped Gozag.
Gozag was most pleased with you.
You visited 3 branches of the dungeon, and saw 16 of its levels.
You also visited: Bailey and Ice Cave.

You collected 4305 gold pieces.
You spent 868 gold pieces at shops.
You paid 42 gold pieces to Gozag.

Inventory:

Hand Weapons
 b - the +8 shortbow of the Disbelieving Gods {freeze, rF+ rC++ Int+3}
   (You found it on level 5 of the Dungeon)

   Int+3:     It affects your intelligence (+3).
   rF+:       It protects you from fire.
   rC++:      It greatly protects you from cold.
 p - the +6 war axe of Jihan (weapon) {protect, rF+ Str+2}
   (You found it on level 3 of the Dungeon)

   Str+2:     It affects your strength (+2).
   rF+:       It protects you from fire.
 u - the +5 glaive of the Guard {elec, spectral}
   (You found it in an ice cave)
 x - a +1 morningstar of protection
Missiles
 i - 5 throwing nets (quivered)
Armour
 c - a +0 kite shield (worn)
 d - the +0 mask of the Dragon (worn) {Will+ Slay+3 SInv}
   (You bought it in a shop on level 5 of the Dungeon)

   Slay+3:    It affects your accuracy & damage with ranged weapons and melee
   (+3).
   Will+:     It increases your willpower.
   SInv:      It lets you see invisible.
 y - a +0 plate armour (worn)
Jewellery
 j - an amulet of guardian spirit (around neck)
 m - a ring of see invisible (left hand)
 n - a ring of ice
 s - a ring of protection from fire (right hand)
Wands
 r - a wand of polymorph (16)
 D - a wand of flame (4)
 H - a wand of mindburst (4)
 M - a wand of paralysis (5)
Scrolls
 a - 5 scrolls of immolation
 f - a scroll of enchant weapon
 g - 4 scrolls of amnesia
 h - 7 scrolls of teleportation
 k - a scroll of identify
 t - 4 scrolls of enchant armour
 v - a scroll of fear
 w - 4 scrolls of vulnerability
 B - a scroll of poison
 F - 4 scrolls of revelation
 G - 3 scrolls of blinking
Potions
 e - 5 potions of curing
 o - a potion of mutation
 q - a potion of attraction
 A - a potion of berserk rage
 C - a potion of experience {unknown}
 E - a potion of haste
 J - a potion of invisibility
 K - a potion of resistance
 L - a potion of brilliance
 N - a potion of might
Miscellaneous
 z - a phantom mirror
 I - a lightning rod (4/4)


   Skills:
 - Level 11.0 Fighting
 + Level 14.0(14.1) Axes
 - Level 2.8(10.3) Maces & Flails
 - Level 10.9 Armour
 - Level 13.1 Shields
 + Level 8.9 Evocations


You had 13 spell levels left.
You didn't know any spells.
Your spell library contained the following spells:

 Spells                   Type           Power      Damage    Failure   Level
 Necrotise                Necr           0%         1d4       99%         1
 Blink                    Tloc           0%         N/A       100%        2
 Lesser Beckoning         Tloc           0%         N/A       100%        2
 Mercury Vapours          Alch/Air       0%         N/A       100%        2
 Momentum Strike          Conj/Tloc      0%         3d8       100%        2
 Dazzling Flash           Conj/Hex       0%         N/A       100%        3
 Mephitic Cloud           Conj/Alch/Air  0%         N/A       100%        3
 Vampiric Draining        Necr           0%         2d6       100%        3
 Volatile Blastmotes      Fire/Tloc      0%         2d10      100%        3
 Manifold Assault         Tloc           0%         N/A       100%        4
 Martyr's Knell           Necr/Summ      0%         N/A       100%        4
 Borgnjor's Vile Clutch   Necr/Erth      0%         N/A       100%        5
 Curse of Agony           Necr           0%         N/A       100%        5
 Freezing Cloud           Conj/Ice/Air   0%         6-21      100%        5
 Death Channel            Necr           0%         N/A       100%        6
 Dispersal                Tloc           0%         N/A       100%        6
 Starburst                Conj/Fire      0%         6d3       100%        6
 Haunt                    Necr/Summ      0%         N/A       100%        7
 Malign Gateway           Summ/Tloc      0%         N/A       100%        7
 Disjunction              Tloc           0%         N/A       100%        8
 Maxwell's Capacitive Co  Air            0%         ∞         100%        8
 Summon Horrible Things   Summ           0%         N/A       100%        8
 Animate Dead             Necr           Unusable   N/A       N/A         4

Dungeon Overview and Level Annotations

Branches:
Dungeon (10/15)            Temple (1/1) D:5            Lair (5/5) D:9
  Swamp (0/4) Lair:3       Spider (0/4) Lair:3        Slime (0/5) Lair:4
 Bailey (visited)           IceCv (visited)
    Orc: D:9-12

Altars:
Ashenzari
Cheibriados
Dithmenos
Elyvilon
Fedhas
Gozag
Hepliaklqana
Kikubaaqudgha
Makhleb
Nemelex Xobeh
Okawaru
Qazlal
Ru
Sif Muna
Trog
Uskayaw
Vehumet
Wu Jian
Zin
The Shining One
Jiyva

Shops:
D:2 [   D:5 [   D:6 =   D:7 [


Innate Abilities, Weirdness & Mutations

You are immune to sickness and miasma.
Your stone body is resilient. (AC +10)
You are immune to poison.
Your large and strong wings let you fly.
You resist negative energy. (rN+)
You are resistant to electric shocks. (rElec)
You are resistant to unholy torment.
You are immune to petrification.


Message History

Your Axes skill increases to level 14!
Unknown command.
You hit the dire elephant but do no damage.
The dire elephant is severely wounded.
You block the dire elephant's attack. x2
Unknown command.
You slice the dire elephant!!
The dire elephant is almost dead.
You block the dire elephant's attack. x2
You hit the dire elephant.
The dire elephant is almost dead.
You block the dire elephant's attack.
The dire elephant trunk-slaps you but does no damage.
Unknown command.
You hit the dire elephant.
The dire elephant is almost dead.
The dire elephant tramples you!!
You are shoved backwards!
Unknown command.
You hit the dire elephant but do no damage.
The dire elephant is almost dead.
The dire elephant tramples you!!
* * * LOW HITPOINT WARNING * * *
You are shoved backwards!
You hit the dire elephant.
The dire elephant is almost dead.
Unknown command.
Okay, then.
You feel much better. The dire elephant tramples you!
You are shoved backwards!
The dire elephant is distracted by your dazzling golden aura.
The dire elephant trumpets!
The dire elephant is no longer distracted by gold.
The dire elephant tramples you!!
* * * LOW HITPOINT WARNING * * *
You hold your ground!
The dire elephant trunk-slaps you but does no damage.
There is a large open door here.
The dire elephant attacks as it pursues you!
The dire elephant tramples you!
You die...
Your body crumbles into a pile of gold.

##....#.#~~≈≈~~#
......#.##~≈~..
......#..#~.$Y#
.#.##.##.####Z##
#####.♣#...#8Y8#
##.P###.#..Y#
#....##.##..###
#P...##..#..'.###
##...♣##.#..Y@P.#
####...P♣ #.#####..#
P##P...♣# #....'...#
.......######..'...##
#..##.♣#...'..8#....#
.###..♣#P..#####...##
## #..##...# ##..#
#P.##...# ##..#
#..##...# ♣...♣


You could see 3 dire elephants and a spectral anaconda.

Vanquished Creatures
  A centaur warrior (D:9)
  An anaconda (Lair:3)
  A two-headed ogre (D:8)
  2 boulder beetles (Lair:4)
  A death yak (Lair:5)
  A spectral dire elephant (Lair:5)
  A skyshark (Lair:3)
  2 spectral death yaks (Lair:5)
  An orb spider (Lair:3)
  An obsidian statue (Lair:5)
  An orc knight (Bailey)
  3 necromancers (Lair:5)
  An ugly thing (IceCv)
  3 ice statues (IceCv)
  23 elephants
  5 black mambas
  2 unseen horror zombies (D:8)
  19 cane toads
  10 komodo dragons
  A freezing wraith (IceCv)
  An unseen horror skeleton (D:8)
  A hellwing (D:6)
  7 polar bears
  A troll (D:9)
  Prince Ribbit (Lair:1)
  17 blink frogs
  6 dream sheep (Lair:3)
  3 wraiths (D:9)
  A shadow (D:9)
  29 yaks
  6 basilisks
  A dire elephant simulacrum (IceCv)
  A death yak simulacrum (Lair:5)
  5 wyverns
  2 steam dragons
  2 spectral cane toads (Lair:5)
  A hydra simulacrum (IceCv)
  16 water moccasins
  4 black bears
  8 orc warriors
  2 ice beasts
  A sky beast (D:7)
  2 ogres
  An elephant zombie (Lair:5)
  27 wolves
  An elephant skeleton (Lair:5)
  2 centaurs
  2 phantoms (D:4)
  3 kobold brigands
  13 bullfrogs
  A gnoll sergeant (D:5)
  4 scorpions
  8 wights
  5 cane toad simulacra
  A wyvern zombie (D:8)
  5 jellies
  6 killer bees (D:9)
  5 elephant simulacra
  5 electric eels (D:6)
  A howler monkey (D:9)
  A centaur zombie (D:8)
  3 orc priests
  Crazy Yiuf (D:2)
  6 hounds
  A human zombie (D:8)
  A sleepcap (D:5)
  2 gnoll boudas
  7 orc wizards
  4 iguanas
  A wolf simulacrum (IceCv)
  3 killer bee zombies (D:8)
  A hound zombie (D:3)
  A hound skeleton (D:3)
  7 adders
  16 gnolls
  A shadow imp (D:6)
  2 white imps (D:6)
  An ufetubus (D:6)
  An adder skeleton (D:3)
  3 dart slugs
  3 ribbon worms
  46 orcs
  7 ball pythons
  11 endoplasms
  5 giant cockroaches
  13 goblins
  4 hobgoblins
  17 kobolds
  5 quokkas
  2 bats (D:1)
  4 frilled lizards
  A jackal skeleton (D:3)
  6 rats
475 creatures vanquished.

Vanquished Creatures (others)
  A gnoll (D:6)
  A white imp (D:6)
2 creatures vanquished.

Grand Total: 477 creatures vanquished

Notes
Turn   | Place    | Note
-------+----------+-------------------------------------------
     0 | D:1      | Doomgape the Gargoyle Fighter began the quest for the Orb.
     0 | D:1      | Reached XP level 1. HP: 14/14 MP: 1/1
   104 | D:1      | Reached XP level 2. HP: 9/19 MP: 2/2
   833 | D:1      | Reached XP level 3. HP: 22/23 MP: 1/3
  1464 | D:2      | Found Qifyufesch's Armour Boutique.
  2006 | D:2      | Found a runed translucent door.
  2007 | D:2      | Noticed Crazy Yiuf
  2019 | D:2      | Killed Crazy Yiuf
  2020 | D:2      | Reached XP level 4. HP: 11/29 MP: 0/4
  2361 | D:3      | Identified the +6 war axe of Jihan {protect, rF+ Str+2}
  2450 | D:3      | Reached XP level 5. HP: 33/33 MP: 5/5
  2921 | D:3      | Found a glowing silver altar of Zin.
  2921 | D:3      | Noticed an angel
  2996 | D:4      | Reached skill level 1 in Axes
  3024 | D:4      | Noticed an ogre
  3028 | D:4      | Killed an ogre
  3029 | D:4      | Reached XP level 6. HP: 31/39 MP: 4/6
  3061 | D:4      | Reached skill level 2 in Axes
  3082 | D:4      | Found a hazy altar of Hepliaklqana.
  3089 | D:4      | Reached skill level 5 in Shields
  3147 | D:4      | Reached skill level 5 in Fighting
  3147 | D:4      | Reached skill level 5 in Armour
  3147 | D:4      | Reached XP level 7. HP: 44/44 MP: 7/7
  3400 | D:4      | Reached skill level 3 in Axes
  3627 | D:5      | Entered Level 5 of the Dungeon
  3706 | D:5      | Found Riplief's Antique Armour Boutique.
  3789 | D:5      | Found a staircase to the Ecumenical Temple.
  3803 | Temple   | Entered the Ecumenical Temple
  3907 | Temple   | Became a worshipper of Gozag Ym Sagoz the Greedy
  3972 | D:5      | Reached XP level 8. HP: 47/51 MP: 8/8
  4078 | D:5      | Identified the +8 shortbow of the Disbelieving Gods
                  | {freeze, rF+ rC++ Int+3}
  4514 | D:5      | Found an ornate altar of the Wu Jian Council.
  4849 | D:6      | Noticed Grinder
  4852 | D:6      | Grinder changed into Grinder the hellwing
  4852 | D:6      | Noticed Grinder
  4857 | D:6      | Killed Grinder the hellwing
  5128 | D:6      | Reached XP level 9. HP: 59/59 MP: 9/9
  5559 | D:6      | Found a stormy altar of Qazlal.
  5751 | D:6      | Found Uvoity's Jewellery Boutique.
  6604 | D:7      | Found a sacrificial altar of Ru.
  6932 | D:7      | Found Otim's Antique Armour Shoppe.
  7603 | D:8      | Noticed a two-headed ogre
  7614 | D:8      | Killed a two-headed ogre
  7615 | D:8      | Reached skill level 10 in Fighting
  7615 | D:8      | Reached skill level 10 in Armour
  7615 | D:8      | Reached XP level 10. HP: 68/68 MP: 10/10
  7746 | D:8      | Found an ancient bone altar of Kikubaaqudgha.
  7828 | D:8      | Reached skill level 4 in Axes
  7876 | D:8      | Found a flagged portal.
  7891 | Bailey   | Entered a bailey
  8226 | Bailey   | Identified the +3 arbalest of Hell's Wrath {freeze, *Slow
                  | Will++ Dex+4}
  8227 | Bailey   | Noticed an orc knight
  8522 | Bailey   | Killed an orc knight
  8523 | Bailey   | Reached skill level 5 in Axes
  9318 | D:9      | Found an iron altar of Okawaru.
  9428 | D:5      | Bought the +0 mask of the Dragon {Will+ Slay+3 SInv} for
                  | 868 gold pieces
  9428 | D:5      | Found the +0 mask of the Dragon {Will+ Slay+3 SInv}
  9785 | D:9      | Noticed a centaur warrior
  9799 | D:9      | Killed a centaur warrior
  9800 | D:9      | Reached skill level 6 in Axes
  9800 | D:9      | Reached XP level 11. HP: 53/74 MP: 5/11
  9941 | D:9      | Reached skill level 7 in Axes
 10406 | D:9      | Found a staircase to the Lair.
 10576 | D:10     | Entered Level 10 of the Dungeon
 10661 | Lair:1   | Entered Level 1 of the Lair of Beasts
 10853 | Lair:1   | Noticed Prince Ribbit
 10858 | Lair:1   | Killed Prince Ribbit
 10861 | Lair:1   | Reached skill level 8 in Axes
 10917 | Lair:1   | Reached skill level 10 in Shields
 11203 | Lair:1   | Reached XP level 12. HP: 79/80 MP: 12/12
 11227 | Lair:1   | Reached skill level 9 in Axes
 12459 | Lair:2   | Identified the amulet of Jaffu {Faith Str+5}
 12583 | Lair:2   | Reached skill level 10 in Axes
 13451 | Lair:3   | Noticed a four-headed hydra
 13461 | Lair:3   | a five-headed hydra changed into an anaconda
 13461 | Lair:3   | Noticed an anaconda
 13472 | Lair:3   | Killed an anaconda
 13666 | Lair:3   | Reached skill level 11 in Axes
 13666 | Lair:3   | Reached XP level 13. HP: 58/84 MP: 7/13
 13775 | Lair:3   | Reached skill level 1 in Evocations
 13837 | Lair:3   | Found a frozen archway.
 13853 | IceCv    | Entered an ice cave
 14387 | IceCv    | Found the +5 glaive of the Guard {elec, spectral}
 14540 | IceCv    | Identified the +1 quarterstaff of Wariness {holy, Int+3}
 14952 | Lair:3   | Found a staircase to the Swamp.
 15028 | Lair:3   | Reached skill level 12 in Axes
 15048 | Lair:3   | Found a hole to the Spider Nest.
 15221 | Lair:3   | Reached skill level 5 in Evocations
 15445 | Lair:4   | Found a staircase to the Slime Pits.
 15449 | Lair:4   | Found a viscous altar of Jiyva.
 16644 | Lair:5   | Entered Level 5 of the Lair of Beasts
 16664 | Lair:5   | Gained mutation: Your large and strong wings let you fly.
                  | [Gargoyle growth]
 16664 | Lair:5   | Reached XP level 14. HP: 84/90 MP: 12/14
 16728 | Lair:5   | Reached skill level 13 in Axes
 17429 | Lair:5   | Noticed a dire elephant
 17429 | Lair:5   | Noticed a dire elephant
 17429 | Lair:5   | Noticed a dire elephant
 17525 | Lair:5   | Noticed a dire elephant
 17700 | Lair:5   | Identified the amulet of Mistrust {Faith +Blink rElec
                  | Str+2}
 18328 | Lair:5   | Got Kikubaaqudgha's Directory of Rot
 18364 | Lair:5   | Reached skill level 14 in Axes
 18373 | Lair:5   | Slain by a dire elephant

Illustrated notes

Levels and vault maps discovered:
D:1:      lightli_arrival_boilingwater, layout_loops_corners, minmay_nonomino_d4
D:2:      layout_basic, serial_shops, nicolae_shop_behind_doors,
          minmay_fractal_squares_5, uniq_crazy_yiuf_cottage
D:3:      layout_loops_ring, zin_angel, serial_undead, serial_undead_a,
          serial_undead_f, serial_undead_b, serial_undead_e, minivault_5,
          hangedman_abyss_or_decor_lesser_grid, minivault_19, minmay_distorted
D:4:      layout_cave_pools, mainiacjoe_overflow_24_doors
D:5:      layout_loops_corners, mainiacjoe_overflow_alcove_2,
          minmay_temple_entry_proselytizer, nicolae_stop_n_shop_2
D:6:      mumra_celtic_spiral_tile, layout_basic,
          nicolae_qazlal_scattered_showers, serial_glass, glass_columns_c,
          glass_columns_a, minmay_shop_enchanted_jewellery, wad_woods_river_04,
          chequers_big_river, grunt_ministairs_2, minmay_bent, uniq_grinder
D:7:      layout_basic, nicolae_ru_awakened_eye, serial_shops,
          nicolae_shop_statue_plus, nicolae_benzene_ring
D:8:      layout_loops_ring, lemuel_mausoleum_altar_kikubaaqudgha,
          enter_bailey_2
D:9:      hangedman_cross_stitches, layout_cave_pools,
          okawaru_metal_pillars_1_2, david_lair_shrubbed, grunt_decor_junction
D:10:     layout_roguey, minitemple, nicolae_zig_zag_zippers
Temple:   oiseaux_autumnal_temple
Lair:1:   layout_cave_pods, serial_forest, infiniplex_forest_straight_2,
          infiniplex_forest_straight_2, infiniplex_forest_clump_C,
          infiniplex_forest_clump_medium, infiniplex_forest_split,
          infiniplex_forest_lined_2, infiniplex_forest_lined_room_,
          beast_lair_carwin_9, uniq_prince_ribbit2
Lair:2:   layout_layer_cave, grunt_megastairs_2
Lair:3:   layout_misc_corridors, swamp_mist, nicolae_spider_entry_orb_guardian,
          portal_ice_cave_entry_pillars_2, grunt_megastairs_3, lemuel_fruit_tree
Lair:4:   nzn_winding_woodlands_three_and_one [nzn_winding_woodlands_5x15_eye,
          nzn_winding_woodlands_5x15_default, nzn_winding_woodlands_5x15_garden,
          nzn_winding_woodlands_center_diamonds], layout_gridlike, slime_entry_1
Lair:5:   due_jungle_book, layout_loops_ring

Skill      XL: |  1  2  3  4  5  6  7  8  9 10 11 12 13 14 |
---------------+-------------------------------------------+-----
Fighting       | 4 5 6 8 10 11 | 11.0
Armour         | 4 5 6 8 10 | 10.9
Shields        | 4 5 7 10 13 | 13.1
Axes           | 1 2 3 6 8 11 12 14 | 14.0
Evocations     | 6 8 |  8.9
Maces & Flails | |  2.8

Action                     |  1- 3 |  4- 6 |  7- 9 | 10-12 | 13-15 || total
---------------------------+-------+-------+-------+-------+-------++-------
  Melee: Flail             |   161 |    20 |       |       |       ||   181
         War axe           |       |    74 |   266 |   600 |   723 ||  1663
  Evoke: Wand              |       |       |     9 |    10 |     3 ||    22
    Use: Scroll            |     8 |     1 |     6 |     3 |    10 ||    28
         Potion            |       |       |     2 |     4 |     4 ||    10
   Stab: Distracted        |       |       |     1 |     1 |     1 ||     3
         Paralysed         |       |       |     5 |       |       ||     5
 Armour: Scale mail        |   101 |    62 |    29 |       |       ||   192
         Chain mail        |       |       |   199 |       |       ||   199
         Plate armour      |       |       |    52 |   679 |   546 ||  1277
  Dodge: Dodged            |    75 |    34 |   113 |   226 |   166 ||   614
  Block: Buckler           |    40 |    16 |    76 |   116 |       ||   248
         Kite shield       |       |       |       |   228 |   407 ||   635
